cohdb
Replays
Latest Replays
All Replays
Popular Replays
Top Player Replays
Match Explorer
How It Works
Community
CoH3 Stats
Reddit
Sign in to upload your games and track your stats! →
Sign in with Steam
Match 38360736
Unlisted
Match 38360736
Overview
Messages
Build Orders
End
Scout Squad
Construct Barracks
Riflemen Squad
Riflemen Squad
Engineer Squad
Infantry Support Center
Construct Motor Pool
M1 Anti-tank Gun Team
M8 Greyhound Armored Car
Engineer Squad
Construct Medical Station
M1918 Browning Automatic Rifles
Riflemen Squad
Grenade Package
Selects Special Operations Battlegroup
Selects M29 Weasel Recon Vehicle
Selects Mark Vehicle
M1 Anti-tank Gun Team
Construct Tank Depot
Selects UNKNOWN (2162291)
Selects Raiding Flares
Selects SSF Commando Squad
M4A1 Sherman Whizbang
Raiding Flares
M4A1 Sherman Whizbang
Survival Training
Selects Assault Operation
Munitions Surplus
Raiding Flares
M18 Hellcat Tank Destroyer
Raiding Flares
M18 Hellcat Tank Destroyer
Raiding Flares
M18 Hellcat Tank Destroyer
Raiding Flares
Mark Vehicle
M18 Hellcat Tank Destroyer
M4A1 Sherman Whizbang
Raiding Flares
Raiding Flares
M18 Hellcat Tank Destroyer
Assault Operation
M18 Hellcat Tank Destroyer
Raiding Flares
M1 Anti-tank Gun Team
Raiding Flares
M18 Hellcat Tank Destroyer
Raiding Flares
Advanced Logistics
Nedish
Bego
sharpshooter
Leiarde
0
0
Comments
sign in to comment!
No comments posted yet!